 Dungeon Crawl Stone Soup version 0.29.1-2-gbd0b4ee654 (webtiles) character file.

Game seed: 17546744958943578972

954 concernfroge the Fighter (level 7, -1/65 HPs)
             Began as a Mummy Monk on Nov 25, 2022.
             Slain by a bullfrog (4 damage)
             ... on level 8 of the Dungeon.
             The game lasted 00:10:28 (4968 turns).

concernfroge the Fighter (Mummy Monk)               Turns: 4968, Time: 00:10:28

Health: -1/65      AC: 13    Str: 16    XL:     7   Next: 90%
Magic:  7/7        EV:  6    Int:  9    God:
Gold:   211        SH:  3    Dex: 15    Spells: 6/6 levels left

rFire   x . .      SeeInvis +   p - +0 trident
rCold   + . .      Faith    .   i - +0 buckler
rNeg    + + +      Spirit   .   o - +0 chain mail
rPois   ∞          Reflect  .   (no helmet)
rElec   .          Harm     .   (no cloak)
rCorr   .          Rampage  .   (no gloves)
Will    .....                   m - +0 pair of boots
Stlth   ..........              (no amulet)
HPRegen 0.20/turn               e - ring of see invisible
MPRegen 0.10/turn               b - +4 ring of protection

@: no status effects
A: cold resistance 1, negative energy resistance 3, torment resistance 2, heat
vulnerability 1, in touch with death 1, no potions
a: no special abilities


You were on level 8 of the Dungeon.
You visited 1 branch of the dungeon, and saw 7 of its levels.

You collected 211 gold pieces.

Inventory:

Hand Weapons
 p - a +0 trident (weapon)
Missiles
 a - 2 poisoned darts (quivered)
Armour
 i - a +0 buckler (worn)
 m - a +0 pair of boots (worn)
 o - a +0 chain mail (worn)
Jewellery
 b - a +4 ring of protection (right hand)
 e - a ring of see invisible (left hand)
 h - a ring of protection from cold
Scrolls
 c - a scroll of identify
 d - a scroll of amnesia
 f - a scroll of silence
 j - a scroll of enchant weapon
 k - a scroll of fog
 n - a scroll of teleportation


   Skills:
 + Level 9.6 Fighting
 - Level 2.4 Polearms
 - Level 2.4 Dodging
 - Level 1.5 Stealth


You had 6 spell levels left.
You didn't know any spells.
Your spell library was empty.

Dungeon Overview and Level Annotations

Branches:
Dungeon (8/15)
 Temple: D:4-7         Lair: D:8-11

Altars:
Nemelex Xobeh
Wu Jian

Shops:
D:6 *

Annotations:
D:2 Robin
D:4 Menkaure
D:5 3 runed translucent doors, Ascent's ghost, novice MiFi


Innate Abilities, Weirdness & Mutations

You are immune to poison.
Your flesh is cold resistant. (rC+)
You are immune to negative energy. (rN+++)
You are immune to unholy pain and torment.
You are vulnerable to heat. (rF-)
You are in touch with the powers of death.
You do not drink.


Message History

The water moccasin hisses angrily.
You hear an angry hiss. x2
Something bites the plant!
The plant begins to die.
The plant is poisoned.
Something poisons the plant!
The water moccasin bites you. The water moccasin barely misses you.
You block the water moccasin's attack. The yak gores you!
* * * LOW HITPOINT WARNING * * *
As you read the scroll of teleportation, it crumbles to dust.
You feel strangely unstable. You block the water moccasin's attack.
The yak gores you!
* * * LOW HITPOINT WARNING * * *
You open the door.
The water moccasin bites you but does no damage.
You block the yak's attack.
The water moccasin attacks as you move away!
You block the water moccasin's attack.
The water moccasin bites you but does no damage.
There is an open door here.
The water moccasin bites you but does no damage.
Your surroundings suddenly seem different.
Found a war axe.
Okay, then.
A bullfrog comes into view.
As you read the scroll of fog, it crumbles to dust.
The scroll dissolves into smoke.
You open the door.
The bullfrog croaks.
You hit the bullfrog.
The bullfrog is moderately wounded.
The bullfrog barely misses you. You block the bullfrog's attack.
You hit the bullfrog.
The bullfrog is heavily wounded.
The bullfrog hits you.
* * * LOW HITPOINT WARNING * * *
You block the bullfrog's attack.
You puncture the bullfrog!
The bullfrog is almost dead.
The bullfrog hits you but does no damage.
The bullfrog hits you.
You die...

... ... ... ..
##########.
......§...######
...)..§§§§'....#
.....§§§§@#
.....§§§F§#
.....§§§§§#
..F###+#### ...
... ... ...


You could see a bullfrog.

Vanquished Creatures
  2 sky beasts (D:6)
  A black bear (D:6)
  A kobold brigand (D:6)
  A necrophage (D:6)
  2 scorpions
  A howler monkey (D:6)
  A crimson imp (D:3)
  A jelly (D:6)
  An orc priest (D:6)
  3 hounds
  2 iguanas (D:6)
  5 adders
  5 worms
  3 dart slugs
  13 orcs
  6 bats
  9 endoplasms
  3 giant cockroaches
  3 goblins
  4 hobgoblins
  10 kobolds
  6 quokkas
  3 ball pythons
  2 frilled lizards
  2 goblin skeletons (D:3)
  A goblin zombie (D:3)
  2 hobgoblin zombies (D:3)
  A kobold skeleton (D:3)
  A kobold zombie (D:3)
  3 orc skeletons (D:3)
  An orc zombie (D:3)
  3 rats (D:1)
102 creatures vanquished.

Vanquished Creatures (others)
  3 fungi
  11 plants (D:8)
14 creatures vanquished.

Grand Total: 116 creatures vanquished

Notes
Turn   | Place    | Note
-------+----------+-------------------------------------------
     0 | D:1      | concernfroge the Mummy Monk began the quest for the Orb.
     0 | D:1      | Reached XP level 1. HP: 18/18 MP: 1/1
   280 | D:1      | Reached XP level 2. HP: 24/24 MP: 2/2
   561 | D:1      | Found a faded altar of an unknown god.
   575 | D:1      | Reached skill level 4 in Fighting
   985 | D:1      | Gained mutation: You are in touch with the powers of death.
                  | [Mummy growth]
   985 | D:1      | Reached XP level 3. HP: 30/30 MP: 3/3
  1102 | D:2      | Noticed Robin
  1743 | D:3      | Reached skill level 5 in Fighting
  1743 | D:3      | Reached XP level 4. HP: 36/39 MP: 4/4
  2547 | D:4      | Noticed Menkaure
  2647 | D:4      | Reached XP level 5. HP: 42/46 MP: 5/5
  2921 | D:4      | Reached skill level 6 in Fighting
  3247 | D:5      | Entered Level 5 of the Dungeon
  3287 | D:6      | Found an ornate altar of the Wu Jian Council.
  3431 | D:5      | Found a runed translucent gate.
  3432 | D:5      | Found a runed translucent gate.
  3432 | D:5      | Found a runed translucent gate.
  3435 | D:5      | Noticed Ascent's ghost (novice MiFi)
  3465 | D:6      | Noticed a sky beast
  3516 | D:6      | Killed a sky beast
  3517 | D:6      | Reached skill level 7 in Fighting
  3517 | D:6      | Reached XP level 6. HP: 11/55 MP: 6/6
  3832 | D:6      | Found Zaor's Fire Supplies.
  4014 | D:6      | Found a sparkling altar of Nemelex Xobeh.
  4063 | D:6      | Noticed a sky beast
  4078 | D:6      | Killed a sky beast
  4079 | D:6      | Reached skill level 8 in Fighting
  4079 | D:6      | Reached XP level 7. HP: 56/62 MP: 7/7
  4602 | D:6      | Reached skill level 9 in Fighting
  4916 | D:6      | You fall into a shaft and drop 2 floors!
  4944 | D:8      | Noticed a yak
  4944 | D:8      | Noticed a yak
  4967 | D:8      | HP: 2/65 [bullfrog (6)]
  4968 | D:8      | Slain by a bullfrog

Illustrated notes

Levels and vault maps discovered:
D:1:      nzn_arrival_crosshair, layout_basic, shapermc_ecumenical_altar_gd,
          minivault_24
D:2:      layout_loops_ring, uniq_robin
D:3:      layout_loops_corners, nicolae_tso_besieged_by_evil, nicolae_wormholes
D:4:      layout_rooms, uniq_menkaure
D:5:      layout_basic, biasface_ghost_orc_armoury,
          hangedman_abyss_or_decor_passed, minmay_misc_feat_tiny
D:6:      layout_cave_pods, nemelex_spade_bored_becter,
          mainiacjoe_overflow_large_starburst, serial_shops,
          nicolae_lakefront_shop, nicolae_shop_fire_sale
          [nicolae_sub_dead_trees], minivault_23
D:8:      layout_gridville, nicolae_gozag_seed_capital, minmay_lair_entry_grove,
          uniq_pikel

Skill      XL: |  1  2  3  4  5  6  7 |
---------------+----------------------+-----
Fighting       | 4 5 7 8 9 |  9.6
Polearms       | |  2.4
Dodging        | |  2.4
Stealth        | |  1.5

Action                   |  1- 3 |  4- 6 |  7- 9 || total
-------------------------+-------+-------+-------++-------
Melee: Spear             |   226 |   272 |    57 ||   555
       Punch             |     1 |     1 |       ||     2
       Trident           |       |       |    62 ||    62
  Use: Scroll            |     3 |     9 |     4 ||    16
 Stab: Sleeping          |     2 |     1 |       ||     3
Armor: Robe              |     8 |       |       ||     8
       Ring mail         |    45 |    97 |    23 ||   165
       Chain mail        |       |       |    63 ||    63
Dodge: Dodged            |   129 |   109 |    58 ||   296
Block: Buckler           |       |    39 |    21 ||    60
